 Dungeon Crawl Stone Soup version 0.28.0-43-g3370ac3207 (webtiles) character file.

Game seed: 2957382933711174142

105 Acheron the Firebug (level 4, -5/40 HPs)
             Began as a Troll Fire Elementalist on Mar 15, 2022.
             Slain by an iguana (7 damage)
             ... on level 5 of the Dungeon.
             The game lasted 00:13:15 (2260 turns).

Acheron the Firebug (Troll Fire Elementalist)       Turns: 2260, Time: 00:13:16

Health: -5/40      AC:  4    Str: 13 (16) XL:     4   Next: 54%
Magic:  6/6        EV: 10    Int: 10 (13) God:
Gold:   72         SH:  0    Dex: 15 (16) Spells: 4/7 levels left

rFire   . . .      SeeInvis .     - Unarmed
rCold   . . .      Faith    .   (no shield)
rNeg    . . .      Spirit   .   a - +0 robe
rPois   .          Reflect  .   (helmet restricted)
rElec   .          Harm     .   (no cloak)
rCorr   .          Rampage  .   (gloves unavailable)
Will    .....                   (boots unavailable)
Stlth   ++........              (no amulet)
HPRegen 0.93/turn               g - +6 ring of dexterity
MPRegen 0.10/turn               (no ring)

@: lethally poisoned (-5 -> -7), marked
A: large, unfitting armour, claws 3, regeneration 1, shaggy fur 1, tough skin 1
a: no special abilities


You were on level 5 of the Dungeon.
You visited 1 branch of the dungeon, and saw 6 of its levels.

You collected 72 gold pieces.

Inventory:

Hand Weapons
 e - a +0 vorpal falchion
Missiles
 d - 3 javelins (quivered)
 f - 10 poisoned darts
Armour
 a - a +0 robe (worn)
Jewellery
 g - a +6 ring of dexterity (left claw)
Scrolls
 b - a scroll of teleportation
 i - a scroll of fog {unknown}
Potions
 c - a potion of degeneration


   Skills:
 * Level 0.6 Fighting
 * Level 0.4 Throwing
 * Level 2.0 Dodging
 * Level 1.1 Stealth
 * Level 1.6 Unarmed Combat
 * Level 2.0 Spellcasting
 + Level 0.7 Conjurations
 + Level 2.5 Fire Magic


You had 4 spell levels left.
You knew the following spells:

 Your Spells              Type           Power      Damage    Failure   Level
a - Foxfire               Conj/Fire      16%        2x1d4     16%         1
b - Scorch                Fire           12%        2d5       16%         2

Your spell library contained the following spells:

 Spells                   Type           Power      Damage    Failure   Level
 Pain                     Necr           4%         1d4       30%         1
 Conjure Flame            Conj/Fire      4%         6-21      43%         3
 Inner Flame              Hex/Fire       3%         N/A       50%         3
 Dazzling Flash           Conj/Hex       2%         N/A       63%         3
 Flame Wave               Conj/Fire      4%         2d5       85%         4
 Agony                    Necr           1%         N/A       100%        5
 Excruciating Wounds      Necr           0%         N/A       100%        5
 Silence                  Hex/Air        0%         N/A       100%        5


Dungeon Overview and Level Annotations

Branches:
Dungeon (7/15)
 Temple: D:4-7

Altars:

Shops:
D:1 [:(([

Annotations:
D:1 exclusion: downstairs
D:2 exclusion: downstairs


Innate Abilities, Weirdness & Mutations

You are too large for most types of armour.
You have claws for hands.
Your natural rate of healing is unusually fast.
You are covered in fur. (AC +1)
You have tough skin. (AC +1)


Message History

You can't go up here!
The water moccasin bites you but does no damage.
The orc barely misses you.
You climb downwards.
A sourceless malevolence fills the Dungeon...
With a horrendous wail, an alarm goes off!
A sentinel's mark forms upon you.
You hear a shout! x4; You hear an angry hiss.
You hear a shout! x6
You hear an angry hiss.
You hear a shout!
There is a stone staircase leading up here.
It was a potion of degeneration.
There was something very wrong with that liquid.
You feel weakened.
You feel dopey.
You feel clumsy.
The water moccasin bites you but does no damage.
The orc misses you.
The water moccasin bites you but does no damage.
It was a potion of curing.
You feel better. The water moccasin bites you. The orc closely misses you.
An ice beast comes into view.
You barely miss the orc. The water moccasin barely misses you.
The orc barely misses you.
The water moccasin bites you but does no damage.
You completely miss the orc. The water moccasin bites you.
The orc barely misses you. The water moccasin bites you.
The orc hits you with a +0 morningstar.
* * * LOW HITPOINT WARNING * * *
You climb upwards.
There is a stone staircase leading down here.
The water moccasin barely misses you.
There is a stone staircase leading up here.
The water moccasin closely misses you. The water moccasin bites you!
* * * LOW HITPOINT WARNING * * *
You are poisoned.
The water moccasin poisons you!
You climb upwards.
You feel very sick. The hound bites you but does no damage.
The iguana bites you.
* * * LOW HITPOINT WARNING * * *
The hound barely misses you. The orc closely misses you. The iguana bites you!
You die...

*,**,*,*,#** ##.#
#,*,,..(,..###* ##.o.
#.**,#.#.#....#####.###
***#.#,,.........#.....# *
*,,,..#,#)#.#......o##.###
*,**,#...........##....o..
*,**,##!#.#.#....*#.###.#.
*,**,#..lSh?.##***#.......
*,*#.##.#@#.## #.##h##.
*,.Z......o..# #.##.##.
**##.##.#.#.### #.......
*,#.../....## ####o###
**,##.#.#.#..# #.#
*,,........#.#######.#
*,..#.#.#.##....o....#
*..........###########
*##.#.#.#.#*


You could see a water moccasin, an iguana, a hound, an orc and a centaur
skeleton.

Vanquished Creatures
  A hound skeleton (D:5)
  Robin (D:2)
  3 adders
  A worm (D:2)
  4 endoplasms
  A giant cockroach (D:2)
  4 hobgoblins (D:1)
  5 quokkas
  3 ball pythons (D:2)
  13 goblins
  2 kobolds (D:2)
  7 rats
45 creatures vanquished.

Vanquished Creatures (collateral kills)
  A worm (D:2)
1 creature vanquished.

Vanquished Creatures (others)
  47 foxfires
47 creatures vanquished.

Grand Total: 93 creatures vanquished

Notes
Turn   | Place    | Note
-------+----------+-------------------------------------------
     0 | D:1      | Acheron the Troll Fire Elementalist began the quest for the
                  | Orb.
     0 | D:1      | Reached XP level 1. HP: 16/16 MP: 1/1
    82 | D:1      | Found Fionyuw's Weapon Shop.
   120 | D:1      | Found Usentiupt's Weapon Boutique.
   132 | D:1      | Found Kearuit's Armour Emporium.
   238 | D:1      | Reached XP level 2. HP: 24/24 MP: 3/3
   376 | D:1      | Learned a level 2 spell: Scorch
   420 | D:1      | Found Ukhots's Book Emporium.
   529 | D:1      | Found Wimyz's Armour Shoppe.
   614 | D:1      | Found a faded altar of an unknown god.
  1042 | D:2      | Reached XP level 3. HP: 31/31 MP: 2/4
  1268 | D:2      | Reached skill level 1 in Unarmed Combat
  1451 | D:2      | Noticed Robin
  1505 | D:2      | Killed Robin
  1512 | D:2      | Reached XP level 4. HP: 18/40 MP: 5/5
  2076 | D:3      | You fall into a shaft and drop 2 floors!
  2076 | D:5      | Entered Level 5 of the Dungeon
  2243 | D:6      | Noticed a water moccasin
  2251 | D:7      | Noticed an ice beast
  2260 | D:5      | HP: 2/40 [iguana (4)]
  2260 | D:5      | Slain by an iguana

Illustrated notes

Levels and vault maps discovered:
D:1:      psy_arrival_basics, layout_basic, serial_shops, shop,
          nicolae_shop_bloodbath_and_beyond, shop, shop,
          nicolae_shop_statue_plus, hellmonk_ecumenical_altar_crossroads
D:2:      layout_basic, mrwooster_statue_mirror, uniq_robin
D:3:      layout_rooms, minivault_27, eino_tiny_chamber, uniq_ijyb
D:5:      layout_loops_cross, st_stairs_12, nrook_pool_corridor
D:6:      layout_rooms, serial_corexii_hall, corexii_hall_statues_t,
          corexii_hall_statues_x, chequers_hall_statues_y,
          chequers_hall_statues_wall_a, uniq_duvessa
D:7:      layout_rooms, minmay_temple_entry_proselytizer,
          minmay_stone_trees_small, hangedman_decor_lopped

Skill      XL: |  1  2  3  4 |
---------------+-------------+-----
Unarmed Combat | 1 |  1.6
Spellcasting   | 2 |  2.0
Dodging        | 2 |  2.0
Fighting       | |  0.6
Throwing       | |  0.4
Stealth        | |  1.1
Conjurations   | |  0.7
Fire Magic     | |  2.5

Action                   |  1- 3 |  4- 6 || total
-------------------------+-------+-------++-------
Melee: Unarmed           |    85 |    23 ||   108
       Punch             |     1 |       ||     1
 Cast: Foxfire           |    24 |     4 ||    28
  Use: Scroll            |     3 |     3 ||     6
       Potion            |       |     2 ||     2
 Stab: Sleeping          |     1 |       ||     1
Armor: Robe              |    18 |    12 ||    30
Dodge: Dodged            |    36 |    25 ||    61
